 Dungeon Crawl Stone Soup version 0.27-a0-380-g150de4c316 (webtiles) character file.

Game seed: 3403586719860620392

5060 kae the Grappler (level 10, -3/83 HPs)
             Began as a Pale Draconian Transmuter on Feb 17, 2021.
             Was a Follower of Ru.
             Slain by Snorg (4 damage)
             ... on level 10 of the Dungeon.
             The game lasted 00:08:27 (10087 turns).

kae the Grappler (Pale Draconian Transmuter)       Turns: 10087, Time: 00:08:27

Health: -3/83      AC:  8    Str: 15    XL:     10   Next: 31%
Magic:  14/18      EV: 14    Int: 14    God:    Ru [*.....]
Gold:   716        SH:  0    Dex: 12    Spells: 7/20 levels left

rFire    . . .     SeeInvis .     - Unarmed
rCold    . . .     Faith    .   (shield currently unavailable)
rNeg     . . .     Spirit   .   (armour unavailable)
rPois    .         Reflect  .   (helmet restricted)
rElec    .         Harm     .   (no cloak)
rCorr    .         Rampage  .   (gloves currently unavailable)
Will     .....                  a - +0 pair of boots
Stlth    +.........             l - amulet of regeneration
HPRegen  1.23/turn              p - ring of wizardry
MPRegen  0.16/turn              (no ring)

@: short of breath, blade hands, no potions
A: breathe steam, unfitting armour, cold-blooded, inability to drink while
threatened, AC +7
a: Breathe Steam, End Transformation, Renounce Religion


You were on level 10 of the Dungeon.
You worshipped Ru.
Ru was aware of your devotion.
You had blades for hands.
You visited 2 branches of the dungeon, and saw 11 of its levels.

You collected 716 gold pieces.

Inventory:

Armour
 a - a +0 pair of boots (worn)
Jewellery
 e - an amulet of faith
 l - an amulet of regeneration (around neck)
 p - a ring of wizardry (left scythe-like blade)
Wands
 f - a wand of iceblast (16)
 h - a wand of random effects (32)
 j - a wand of flame (35)
 x - a wand of paralysis (11)
Scrolls
 c - 2 scrolls of fog
 g - 8 scrolls of teleportation
 n - a scroll of identify
 o - a scroll of magic mapping
 t - 2 scrolls of blinking
Potions
 b - a potion of attraction
 d - 3 potions of might
 i - 5 potions of degeneration
 k - 2 potions of haste
 m - 2 potions of brilliance
 q - a potion of lignification
 r - 2 potions of curing
 s - 3 potions of cancellation
 u - 2 potions of flight
 v - a potion of magic {unknown}
 w - a potion of berserk rage {unknown}


   Skills:
 + Level 6.0 Fighting
 + Level 5.3 Dodging
 * Level 8.7 Unarmed Combat
 + Level 5.5 Spellcasting
 * Level 7.6 Transmutations
 - Level 4.0 Ice Magic
 - Level 2.0 Poison Magic


You had 7 spell levels left.
You knew the following spells:

 Your Spells              Type           Power        Failure   Level
a - Beastly Appendage     Tmut           50%          5%          1
b - Spider Form           Tmut/Pois      8%           16%         3
c - Ice Form              Ice/Tmut       20%          26%         4
d - Blade Hands           Tmut           12%          32%         5

Your spell library contained the following spells:

 Spells                   Type           Power        Failure   Level
 Wereblood                Tmut           25%          6%          2
 Passwall                 Tmut/Erth      11%          14%         2
 Magic Dart               Conj           12%          28%         1
 Sandblast                Erth           6%           28%         1
 Searing Ray              Conj           6%           36%         2
 Petrify                  Tmut/Erth      14%          43%         4
 Dazzling Flash           Conj/Hex       6%           52%         3
 Stone Arrow              Conj/Erth      6%           52%         3
 Fulminant Prism          Conj/Hex       1%           82%         4
 Iskenderun's Mystic Bla  Conj/Tloc      3%           82%         4
 Lee's Rapid Deconstruct  Erth           1%           98%         5


Dungeon Overview and Level Annotations

Branches:
Dungeon (10/15)            Temple (1/1) D:4            Lair (0/6) D:8
    Orc: D:9-12

Altars:
Ashenzari
Cheibriados
Dithmenos
Elyvilon
Fedhas
Gozag
Hepliaklqana
Kikubaaqudgha
Makhleb
Nemelex Xobeh
Okawaru
Qazlal
Ru
Sif Muna
Trog
Uskayaw
Vehumet
Wu Jian
Xom
Yredelemnul
Zin
The Shining One

Shops:
D:5 *   D:6 [   D:7 [

Annotations:
D:9 1 runed translucent door, septik's ghost, novice MiBe
D:10 3 runed translucent doors, Snorg


Innate Abilities, Weirdness & Mutations

You can breathe blasts of scalding, opaque steam.
Your pale cyan-grey scales are hard. (AC +7)
You cannot fit into any form of body armour.
You are cold-blooded and may be slowed by cold attacks.
You cannot drink potions while threatened.


Message History

Snorg is nearby!
Press: ? - help, Shift-Dir - straight line, f - Snorg
Aim: Snorg You exhale a blast of scalding steam.
The ball of steam hits Snorg!
Snorg is lightly wounded.
An ufetubus opens the door.
Snorg is engulfed in a cloud of scalding steam.
Casting: Blade Hands (dangerous; 9% risk of failure)
Confirm with . or Enter, or press ? or * to list all spells.
Your hands turn into razor-sharp scythe blades.
Snorg is engulfed in a cloud of scalding steam.
Snorg barely misses you. Snorg completely misses you. Snorg claws you!
Snorg misses you. Snorg claws you! Snorg claws you but does no damage.
You slash Snorg!
Snorg is moderately wounded.
You hit Snorg. You tail-slap Snorg.
Snorg is heavily wounded.
Snorg goes berserk!
You slice Snorg!!
Snorg is severely wounded.
Snorg barely misses you. Snorg claws you but does no damage. Snorg claws you!
You feel threatened and lose the ability to drink potions!
You slice Snorg!!
Snorg is almost dead.
Snorg is stunned by your conviction and fails to attack.
Snorg barely misses you. Snorg claws you but does no damage. Snorg claws you.
You barely miss Snorg.
Snorg is severely wounded.
Snorg bites you. Snorg barely misses you. Snorg closely misses you.
You barely miss Snorg. You tail-slap Snorg.
Snorg is almost dead.
Snorg bites you!! Snorg barely misses you. Snorg closely misses you.
You barely miss Snorg.
Snorg is severely wounded.
Snorg bites you!!
* * * LOW HITPOINT WARNING * * *
Snorg claws you!
* * * LOW HITPOINT WARNING * * *
Snorg claws you.
You die...

!..+..+..#
.$..##.##.##
.. #. #..#
###. # ##.##
.#' #..# . ..
###.## ...
#5###...#
#....#+#...#.#
#......@.###.#
#####.#T## ..#
# #.# .## #..
.. ... .#
.$... #....
..>...


You could see Snorg (berserk) and an ufetubus.

Vanquished Creatures
  A hornet (D:9)
  A merfolk (D:9)
  A wyvern (D:8)
  2 wargs (D:7)
  3 orc warriors
  Duvessa (D:6)
  A sky beast (D:6)
  2 ice beasts
  A black bear (D:8)
  A hornet zombie (D:9)
  A necrophage (D:9)
  5 ogres
  5 centaurs
  5 phantoms
  2 bullfrogs
  Dowan (D:5)
  4 scorpions
  9 killer bees
  3 wights (D:5)
  3 howler monkeys
  4 hounds (D:8)
  4 jellies
  2 bullfrog skeletons
  Jessica (D:2)
  4 iguanas
  Ijyb (D:2)
  6 orc wizards
  5 worker ants
  A hound skeleton (D:4)
  A howler monkey skeleton (D:8)
  7 gnolls
  9 adders
  9 river rats (D:6)
  2 shadow imps
  3 white imps
  An ufetubus (D:9)
  3 adder skeletons
  3 worms (D:2)
  3 dart slugs
  11 leopard geckos
  19 orcs
  4 ball pythons
  7 bats
  4 giant cockroaches
  5 goblins
  10 hobgoblins
  11 jackals
  6 kobolds
  10 quokkas
  8 frilled lizards
  2 leopard gecko skeletons
  A quokka skeleton (D:4)
  A quokka zombie (D:6)
  23 rats
  A butterfly (D:6)
244 creatures vanquished.

Notes
Turn   | Place    | Note
-------+----------+-------------------------------------------
     0 | D:1      | kae the Draconian Transmuter began the quest for the Orb.
     0 | D:1      | Reached XP level 1. HP: 16/16 MP: 3/3
   128 | D:1      | Reached XP level 2. HP: 23/23 MP: 5/5
  1298 | D:2      | Reached XP level 3. HP: 28/28 MP: 4/6
  1306 | D:2      | Learned a level 3 spell: Spider Form
  1706 | D:2      | Noticed Jessica
  1713 | D:2      | Killed Jessica
  1714 | D:2      | Reached XP level 4. HP: 19/36 MP: 5/7
  2471 | D:2      | Reached skill level 4 in Unarmed Combat
  2611 | D:3      | Noticed Ijyb
  2716 | D:3      | Reached XP level 5. HP: 41/41 MP: 4/8
  2722 | D:2      | Killed Ijyb
  2788 | D:2      | Learned a level 4 spell: Ice Form
  3435 | D:4      | Noticed a phantom
  3460 | D:4      | Killed a phantom
  3461 | D:4      | Reached skill level 1 in Ice Magic
  3461 | D:4      | Reached skill level 1 in Poison Magic
  3461 | D:4      | Reached XP level 6. HP: 25/50 MP: 10/10
  3541 | D:3      | HP: 2/50 [phantom (5)]
  4276 | D:4      | Your scales start taking on a pale cyan-grey colour.
  4276 | D:4      | Reached XP level 7. HP: 56/56 MP: 7/11
  4400 | D:4      | Reached skill level 5 in Unarmed Combat
  4700 | D:4      | Found a staircase to the Ecumenical Temple.
  4893 | Temple   | Entered the Ecumenical Temple
  5044 | Temple   | Became a worshipper of Ru the Awakened
  5233 | D:4      | Found a snail-covered altar of Cheibriados.
  5273 | D:5      | Entered Level 5 of the Dungeon
  5334 | D:5      | Found Sasu's Lightly-Used Armoury.
  5850 | D:5      | Reached XP level 8. HP: 32/63 MP: 10/13
  6046 | D:5      | Reached skill level 6 in Unarmed Combat
  6350 | D:6      | Noticed Duvessa
  6353 | D:6      | Noticed Dowan
  6356 | D:6      | Reached skill level 5 in Transmutations
  6363 | D:6      | Killed Duvessa
  6375 | D:5      | Killed Dowan
  6419 | D:6      | Found Kulaa's Antique Armour Shoppe.
  6451 | D:6      | Gained mutation: You cannot drink potions while threatened.
                  | [Ru sacrifice]
  6451 | D:6      | Reached * piety under Ru
  6681 | D:6      | Reached XP level 9. HP: 72/72 MP: 10/15
  6687 | D:6      | Learned a level 5 spell: Blade Hands
  6738 | D:6      | Found a shimmering altar of Xom.
  7310 | D:7      | Reached skill level 7 in Unarmed Combat
  7796 | D:7      | Found Quergh's Armour Shop.
  7949 | D:8      | Found a staircase to the Lair.
  8011 | D:7      | Reached skill level 5 in Fighting
  8452 | D:8      | Reached skill level 5 in Spellcasting
  8457 | D:8      | Reached skill level 8 in Unarmed Combat
  9176 | D:9      | Reached skill level 5 in Dodging
  9176 | D:9      | Reached XP level 10. HP: 49/81 MP: 11/17
  9857 | D:9      | Found a runed translucent door.
  9861 | D:9      | Noticed septik's ghost (novice MiBe)
  9970 | D:10     | Entered Level 10 of the Dungeon
 10019 | D:10     | Found a runed translucent door.
 10062 | D:10     | Found a runed translucent door.
 10076 | D:10     | Found a runed translucent door.
 10077 | D:10     | Noticed Snorg
 10087 | D:10     | HP: 1/83 [Snorg (14)]
 10087 | D:10     | Slain by Snorg

Illustrated notes

Levels and vault maps discovered:
D:1:      dpeg_arrival_circle_labyrinth_c, layout_loops_ring
D:2:      layout_basic, uniq_jessica
D:3:      layout_rooms, uniq_ijyb
D:4:      layout_loops_ring, minmay_temple_entry_glassed_door,
          kennysheep_slug_shrine
D:5:      layout_rooms, serial_corexii_hall, corexii_hall_statues_i,
          corexii_hall_statues_x, grunt_ministairs_1, st_stairs_11,
          minmay_shop_damaged
D:6:      lemuel_ratsnest, layout_basic, xom_butterflies, serial_shops,
          nicolae_shop_competitors_out_of_business, uniq_duvessa
D:7:      minmay_chambers_of_fours, layout_rooms, serial_shops,
          nicolae_shop_statue_plus, minivault_25
D:8:      layout_basic, erik_lair_orcish_takeover
D:9:      layout_roguey, gammafunk_ghost_grave, hangedman_fish_farm
D:10:     layout_basic, nicolae_trove_entry_free_sample,
          minmay_statue_crystal_thing, uniq_snorg
Temple:   kilobyte_greek_temple

Skill      XL: |  1  2  3  4  5  6  7  8  9 10 |
---------------+-------------------------------+-----
Dodging        | 2 3 4 5 |  5.3
Fighting       | 2 3 4 5 6 |  6.0
Unarmed Combat | 4 5 6 8 |  8.7
Transmutations | 3 4 5 7 |  7.6
Ice Magic      | 1 2 3 4 |  4.0
Poison Magic   | 1 2 |  2.0
Spellcasting   | 3 4 5 |  5.5

Action                   |  1- 3 |  4- 6 |  7- 9 | 10-12 || total
-------------------------+-------+-------+-------+-------++-------
Melee: Unarmed           |    99 |   208 |   398 |    37 ||   742
       Tailslap          |     8 |    13 |    12 |     6 ||    39
       Kick              |    18 |    15 |     1 |       ||    34
       Headbutt          |     8 |     9 |       |       ||    17
       Punch             |     2 |       |     3 |     1 ||     6
 Cast: Beastly Appendage |    18 |    20 |     2 |       ||    40
       Spider Form       |       |    12 |    21 |       ||    33
       Ice Form          |       |       |    22 |       ||    22
       Blade Hands       |       |       |     8 |    10 ||    18
Invok: Sacrifice Drink   |       |       |     1 |       ||     1
       Reject Sacrifices |       |       |     1 |       ||     1
 Abil: Breathe Steam     |       |       |     5 |     3 ||     8
       End Transformatio |       |       |     1 |       ||     1
  Use: Scroll            |     4 |     4 |     6 |       ||    14
       Potion            |       |     2 |     4 |       ||     6
 Stab: Invisible         |       |       |     4 |       ||     4
       Distracted        |       |       |     2 |       ||     2
Armor: Skin              |    38 |    44 |    78 |    11 ||   171
Dodge: Dodged            |    79 |   182 |   283 |    31 ||   575

Table legend: (Time is in decaauts)
 A = Elapsed time spent in this place.
 B = Non-inter-level travel time spent in this place.
 C = Inter-level travel time spent in this place.
 D = Time resting spent in this place.
 E = Time spent auto-exploring this place.
 F = Levels seen in this place.
 G = Mean time per level.
                   A        B        C        D        E       F      G
               +--------+--------+--------+--------+--------+-----+--------+
         Total |  10002 |   9564 |    438 |    281 |   7624 |  11 |  909.3 |
       Dungeon |   9812 |   9411 |    401 |    281 |   7482 |  10 |  981.2 |
        Temple |    189 |    152 |     37 |      0 |    142 |   1 |  189.0 |
               +--------+--------+--------+--------+--------+-----+--------+

Top non-repeatable levels by time:
     D:2: 1477 daAuts
     D:4: 1433 daAuts
     D:1: 1278 daAuts
     D:6: 1063 daAuts
     D:8: 1037 daAuts
     D:9: 923 daAuts
     D:3: 874 daAuts
     D:5: 846 daAuts
     D:7: 762 daAuts
  Temple: 189 daAuts
    D:10: 114 daAuts
